 Dungeon Crawl Stone Soup version 0.29-a0-80-g3050e97935 (webtiles) character file.

Game seed: 16898181731628846607

5307 GordonOverkill the Fighter (level 10, -8/51 HPs)
             Began as a Felid Enchanter on Feb 4, 2022.
             Was a Follower of Vehumet.
             Mangled by a mana viper (shapeshifter) (21 damage)
             ... on level 10 of the Dungeon.
             The game lasted 00:51:34 (26640 turns).

GordonOverkill the Fighter (Felid Enchanter)       Turns: 26640, Time: 00:51:35

Health: -8/51      AC:  2    Str:  4    XL:     10   Next: 37%
Magic:  1/23       EV: 17    Int: 22    God:    Vehumet [*.....]
Gold:   609        SH:  5    Dex: 16    Spells: 7/25 levels left
                                        Lives:  0   Deaths: 3

rFire   . . .      SeeInvis +     - Unarmed
rCold   . . .      Faith    .   (shield unavailable)
rNeg    . . .      Spirit   .   (armour unavailable)
rPois   +          Reflect  +   (helmet unavailable)
rElec   .          Harm     .   (cloak unavailable)
rCorr   .          Rampage  .   (gloves unavailable)
Will    +....                   (boots unavailable)
Stlth   +++.......              c - amulet of reflection
HPRegen 0.17/turn               v - +4 ring of slaying
MPRegen 0.18/turn               o - ring of poison resistance

@: confusing by touch, quick
A: very small, claws 1, fangs 3, see invisible, speed 1, shaggy fur 2, stealthy
paws, no weapons or thrown items, no armour, multi-lived
a: Renounce Religion


You were on level 10 of the Dungeon.
You worshipped Vehumet.
Vehumet was aware of your devotion.
You visited 3 branches of the dungeon, and saw 14 of its levels.
You also visited: Ossuary and Bailey.

You collected 609 gold pieces.

Inventory:

Jewellery
 c - an amulet of reflection (around neck)
 e - an amulet of magic regeneration
 k - an amulet of regeneration
 o - a ring of poison resistance (right paw)
 v - a +4 ring of slaying (left paw)
Wands
 q - a wand of digging (7)
 t - a wand of acid (6)
Scrolls
 d - 2 scrolls of identify
 m - a scroll of immolation
 p - a scroll of fog
 u - a scroll of teleportation
 y - a scroll of vulnerability
Potions
 a - a potion of invisibility
 b - 2 potions of resistance
 f - a potion of mutation
 g - 2 potions of flight
 h - 4 potions of brilliance
 i - a potion of haste
 j - a potion of might
 n - a potion of cancellation
 r - 2 potions of magic
 s - a potion of curing
Miscellaneous
 w - a tin of tremorstones (1/2)


   Skills:
 + Level 10.8 Fighting
 - Level 2.6 Dodging
 - Level 5.0 Stealth
 - Level 3.0 Unarmed Combat
 - Level 8.0 Spellcasting
 - Level 5.2 Conjurations
 - Level 9.0 Hexes
 * Level 6.3 Ice Magic
 + Level 0.0 Evocations


You had 7 spell levels left.
You knew the following spells:

 Your Spells              Type           Power      Damage    Failure   Level
a - Confusing Touch       Hex            48%        N/A       1%          3
b - Ensorcelled Hibernat  Hex/Ice        84%        N/A       1%          2
c - Tukima's Dance        Hex            48%        N/A       1%          3
d - Dazzling Flash        Conj/Hex       80%        N/A       1%          3
e - Ozocubu's Refrigerat  Ice            18%        4d8       99%         7

Your spell library contained the following spells:

 Spells                   Type           Power      Damage    Failure   Level
 Foxfire                  Conj/Fire      80%        2x1d8     2%          1
 Ozocubu's Armour         Ice            36%        N/A       1%          3
 Summon Guardian Golem    Hex/Summ       28%        N/A       3%          3
 Fulminant Prism          Conj/Hex       20%        3d13      4%          4
 Pain                     Necr           32%        1d5       8%          1
 Summon Small Mammal      Summ           32%        N/A       8%          1
 Blink                    Tloc           16%        N/A       11%         2
 Sublimation of Blood     Necr           8%         N/A       11%         2
 Wereblood                Tmut           8%         N/A       11%         2
 Call Canine Familiar     Summ           8%         N/A       22%         3
 Iskenderun's Mystic Bla  Conj/Tloc      20%        2d6       26%         4
 Agony                    Necr           8%         N/A       90%         5
 Lee's Rapid Deconstruct  Erth           4%         3d6*      90%         5
 Manifold Assault         Tloc           8%         N/A       90%         5
 Storm Form               Tmut/Air       4%         N/A       100%        7
 Summon Hydra             Summ           4%         N/A       100%        7
 Excruciating Wounds      Necr           Unusable   N/A       N/A         5

Dungeon Overview and Level Annotations

Branches:
Dungeon (12/15)            Temple (1/1) D:5            Lair (1/6) D:9
    Orc (0/2) D:10        Ossuary (visited)          Bailey (visited)

Altars:
Ashenzari
Cheibriados
Dithmenos
Elyvilon
Fedhas
Gozag
Hepliaklqana
Kikubaaqudgha
Makhleb
Nemelex Xobeh
Okawaru
Qazlal
Ru
Sif Muna
Trog
Uskayaw
Vehumet
Wu Jian
Xom
Yredelemnul
Zin
The Shining One

Shops:
D:7 [


Innate Abilities, Weirdness & Mutations

You have sharp claws.
You have razor-sharp teeth.
You have supernaturally acute eyesight. (SInv)
You cover ground quickly. (Speed+)
You are covered in thick fur. (AC +2)
Your paws help you pounce on unaware monsters.
You are incapable of wielding weapons or throwing items.
You cannot wear armour.
You gain extra lives every three experience levels.


Message History

Casting: Dazzling Flash (safe; 1% risk of failure)
Press: ? - help, Dir - look around, f - activate The mana viper misses you.
Casting: Dazzling Flash (safe; 1% risk of failure)
Confirm with . or Enter, or press ? or * to list all spells.
Your paws begin to glow red.
You block the mana viper's attack. The mana viper misses you.
You scratch the mana viper but do no damage.
The mana viper is heavily wounded.
The mana viper misses you.
You closely miss the mana viper.
You bite the mana viper, but do no damage.
The mana viper is heavily wounded.
You block the mana viper's attack.
You scratch the mana viper but do no damage.
The mana viper is heavily wounded.
The mana viper barely misses you. The mana viper bites you!
* * * LOW HITPOINT WARNING * * *
You feel your power leaking away.
You scratch the mana viper but do no damage.
The mana viper is heavily wounded.
The mana viper misses you.
You closely miss the mana viper.
The mana viper is heavily wounded.
The mana viper bites you!
* * * LOW HITPOINT WARNING * * *
You feel your power leaking away.
You scratch the mana viper but do no damage.
The mana viper is moderately wounded.
The mana viper barely misses you. The mana viper bites you.
* * * LOW HITPOINT WARNING * * *
You scratch the mana viper but do no damage.
You claw the mana viper. Your bite misses the mana viper.
The mana viper is moderately wounded.
You block the mana viper's attack.
You scratch the mana viper but do no damage.
You claw the mana viper, but do no damage.
The mana viper is moderately wounded.
You block the mana viper's attack. The mana viper bites you!!
You die...

#.......# ####..# #..# #........
........# #..# ######.........
........#####..#
........######+#...............#
........+ ...............#
........# ...............#
........# ...............#
........########...............#
##+####.......S@................
#.........................
#...#'#################...
#...#.................#...
#...#.................#...
#...#.................#...
#...#..............)..#...
#...#.................#...
#...#.................'...


You could see a mana viper.

Vanquished Creatures
  An orc knight (Bailey)
  Pikel (D:5)
  A deep elf pyromancer (Bailey)
  A kobold demonologist (D:9)
  The ghost of mfcas the Conjurer, a novice DECj (D:5)
  2 trolls
  Sigmund (D:4)
  A wyvern (D:8)
  A dancing weapon (D:4)
  A steam dragon (D:6)
  Eustachio (D:4)
  15 yaks
  Duvessa (D:4)
  A hornet zombie (D:7)
  An ice beast (D:5)
  7 orc warriors
  2 black bears
  A necrophage (D:7)
  3 ogres
  7 centaurs
  3 lemures (D:5)
  2 phantoms (D:7)
  Blork the orc (D:4)
  6 bullfrogs
  2 kobold brigands (D:9)
  2 scorpions (D:5)
  A wyvern skeleton (D:7)
  Dowan (D:4)
  3 wights (D:5)
  2 bullfrog zombies
  2 centaur zombies
  2 hounds
  2 orc priests
  3 bullfrog skeletons
  3 centaur skeletons
  2 iguanas
  2 orc wizards (D:6)
  A mummy (Ossuary)
  A howler monkey zombie (D:9)
  9 gnolls
  4 adders
  A shadow imp (D:7)
  4 white imps
  An ufetubus (D:4)
  3 worms
  A dart slug (D:1)
  20 orcs
  2 spectral bats (Ossuary)
  4 endoplasms
  A giant cockroach (D:1)
  13 gnoll zombies
  7 goblins
  7 hobgoblins
  17 kobolds
  3 quokkas
  10 ball pythons
  3 bats
  4 bat simulacra (Ossuary)
  2 frilled lizards
  2 goblin simulacra (Ossuary)
  4 goblin zombies (Ossuary)
  6 hobgoblin zombies (Ossuary)
  A kobold simulacrum (Ossuary)
  5 kobold zombies (Ossuary)
  4 orc zombies
  5 rats
  2 rat simulacra (Ossuary)
  3 spectral goblins (Ossuary)
  5 spectral kobolds (Ossuary)
  4 spectral rats (Ossuary)
248 creatures vanquished.

Vanquished Creatures (collateral kills)
  4 orc warriors (Bailey)
  A kobold brigand (D:8)
  A wight (D:5)
  Crazy Yiuf (D:7)
  2 orcs
  4 kobolds (D:8)
13 creatures vanquished.

Vanquished Creatures (others)
  8 dancing weapons
  An orc wizard (D:5)
  An orc (D:6)
  2 fungi (Lair:1)
  A plant (Lair:1)
13 creatures vanquished.

Grand Total: 274 creatures vanquished

Notes
Turn   | Place    | Note
-------+----------+-------------------------------------------
     0 | D:1      | GordonOverkill the Felid Enchanter began the quest for the
                  | Orb.
     0 | D:1      | Reached XP level 1. HP: 7/7 MP: 4/4
   186 | D:1      | Reached skill level 1 in Fighting
   281 | D:1      | Reached XP level 2. HP: 12/12 MP: 6/6
   712 | D:1      | Reached XP level 3. HP: 11/16 MP: 7/7
   716 | D:1      | Learned a level 3 spell: Confusing Touch
  1313 | D:1      | Reached skill level 2 in Fighting
  2018 | D:2      | Found a faded altar of an unknown god.
  2528 | D:2      | Learned a level 2 spell: Ensorcelled Hibernation
  2585 | D:2      | Reached XP level 4. HP: 10/19 MP: 0/8
  3333 | D:3      | Reached skill level 5 in Hexes
  3754 | D:3      | Reached XP level 5. HP: 23/23 MP: 4/9
  4112 | D:4      | Reached skill level 5 in Stealth
  4301 | D:4      | Found a sand-covered staircase.
  4302 | D:4      | Noticed an ogre
  4380 | Ossuary  | Entered an ossuary
  5890 | Ossuary  | Reached skill level 3 in Fighting
  6086 | Ossuary  | Learned a level 3 spell: Tukima's Dance
  6514 | Ossuary  | Gained mutation: You are covered in thick fur. (AC +2)
                  | [Felid growth]
  6514 | Ossuary  | Reached XP level 6. HP: 20/22 MP: 11/11
  6875 | D:4      | Noticed Eustachio
  6877 | D:4      | Noticed Duvessa
  7051 | D:4      | HP: 1/21 [centaur (5)]
  7055 | D:4      | Slain by a centaur
  7056 | D:4      | Reached XP level 5. HP: -2/17 MP: 2/10
  7193 | D:4      | Killed an ogre
  7493 | D:4      | Killed Eustachio
  7494 | D:4      | Reached XP level 6. HP: 10/28 MP: 8/12
  7848 | D:4      | Reached skill level 4 in Fighting
  7905 | D:4      | Noticed Blork the orc
  7913 | D:4      | Killed Blork the orc
  7969 | D:4      | Noticed Sigmund
  7983 | D:4      | Killed Sigmund
  7984 | D:4      | Reached XP level 7. HP: 32/33 MP: 9/14
  8059 | D:4      | Noticed Dowan
  8242 | D:4      | Killed Duvessa
  8267 | D:4      | Killed Dowan
  8268 | D:4      | Reached skill level 5 in Fighting
  8810 | D:5      | Entered Level 5 of the Dungeon
  9021 | D:5      | Learned a level 3 spell: Dazzling Flash
  9053 | D:5      | Reached XP level 8. HP: 30/37 MP: 13/16
  9179 | D:5      | Reached skill level 5 in Spellcasting
  9418 | D:5      | Found a runed translucent gate.
  9418 | D:5      | Found a runed translucent gate.
  9420 | D:5      | Found a runed translucent gate.
  9474 | D:5      | Found a staircase to the Ecumenical Temple.
  9753 | D:5      | Reached skill level 1 in Conjurations
  9753 | D:5      | Reached skill level 1 in Ice Magic
 10097 | D:5      | Noticed mfcas's ghost (novice DECj)
 10334 | D:6      | Noticed Pikel
 11552 | D:5      | Killed Pikel
 11553 | D:5      | Reached skill level 6 in Fighting
 11869 | D:5      | Reached XP level 9. HP: 29/42 MP: 14/18
 13425 | D:7      | Found Cheibriados's Comfort Zone.
 13426 | D:7      | Found a snail-covered altar of Cheibriados.
 13475 | D:7      | Reached skill level 7 in Fighting
 13889 | D:7      | Found a runed translucent door.
 13890 | D:7      | Noticed Crazy Yiuf
 14917 | D:6      | Reached skill level 8 in Fighting
 15738 | D:7      | Noticed a troll
 15763 | D:7      | Killed a troll
 15768 | D:7      | Reached XP level 10. HP: 23/49 MP: 11/22
 16248 | D:7      | Killed Crazy Yiuf
 16371 | Temple   | Entered the Ecumenical Temple
 16615 | Temple   | Became a worshipper of Vehumet
 16721 | D:5      | Killed mfcas's ghost
 16850 | D:8      | Found a flagged portal.
 16854 | Bailey   | Entered a bailey
 16941 | Bailey   | Reached skill level 9 in Fighting
 17130 | Bailey   | Found a large runed translucent door.
 17130 | Bailey   | Found a large runed translucent door.
 17131 | Bailey   | Noticed a deep elf pyromancer
 17132 | Bailey   | Noticed an orc knight
 17195 | Bailey   | Killed an orc knight
 17367 | Bailey   | Mangled by an orc warrior
 17368 | Bailey   | Reached XP level 9. HP: -11/46 MP: 5/22
 17599 | Bailey   | Killed from afar by a deep elf pyromancer
 17600 | Bailey   | Reached XP level 8. HP: -9/43 MP: 18/21
 17627 | Bailey   | Killed a deep elf pyromancer
 17628 | Bailey   | Reached skill level 5 in Conjurations
 17795 | Bailey   | Identified the +0 pair of gloves of the Barracuda {-Cast
                  | Will++ Str+7}
 17820 | Bailey   | Learned a level 7 spell: Ozocubu's Refrigeration
 18017 | D:8      | Reached skill level 10 in Fighting
 18017 | D:8      | Reached XP level 9. HP: 25/46 MP: 17/22
 19405 | D:9      | Noticed a troll
 19828 | D:8      | HP: 2/42 [poisoned by a kobold brigand (curare-tipped
                  | dart)]
 21348 | D:8      | Killed a troll
 22479 | D:9      | Noticed a kobold demonologist
 22494 | D:9      | Killed a kobold demonologist
 22641 | D:9      | Found a sacrificial altar of Ru.
 22719 | D:9      | Found a staircase to the Lair.
 22729 | Lair:1   | Entered Level 1 of the Lair of Beasts
 22739 | Lair:1   | Reached skill level 5 in Ice Magic
 23159 | D:9      | You fall into a shaft and drop 2 floors!
 23159 | D:11     | Noticed a boulder beetle
 23176 | D:12     | Noticed a cyan ugly thing
 23204 | D:12     | Noticed a cyclops
 23209 | D:12     | Found a gate leading to a gauntlet.
 23498 | D:12     | Reached * piety under Vehumet
 23498 | D:12     | Offered knowledge of Foxfire by Vehumet.
 23504 | D:12     | Reached XP level 10. HP: 31/51 MP: 5/23
 23727 | D:12     | Noticed a gargoyle
 23785 | D:12     | Noticed an eight-headed hydra
 23833 | D:10     | Entered Level 10 of the Dungeon
 23876 | D:10     | Found a staircase to the Orcish Mines.
 24364 | D:9      | Found a sacrificial altar of Ru.
 24708 | D:9      | Found a staircase to the Lair.
 25652 | D:9      | Found a sacrificial altar of Ru.
 25977 | D:9      | Found a staircase to the Lair.
 26167 | D:10     | Noticed a swamp dragon
 26167 | D:10     | Noticed a two-headed ogre
 26613 | D:10     | Noticed a mana viper
 26640 | D:10     | Mangled by a mana viper (shapeshifter)

Illustrated notes

Levels and vault maps discovered:
D:1:      heliophobic_arrival_glass_houses, layout_basic
D:2:      layout_basic, dreamdust_ecumenical_altar_angels_and_demons,
          minmay_misc_feat_doors
D:3:      layout_rooms
D:4:      layout_layer_cave, enter_ossuary_3, uniq_duvessa, uniq_eustachio,
          uniq_sigmund, uniq_blork_the_orc
D:5:      layout_loops_ring, minmay_temple_entry_statues,
          ebering_ghost_rock_garden, minmay_door_square, moated_statue
D:6:      layout_cave_pools, uniq_pikel
D:7:      layout_loops_ring, small_statue_intersection, minmay_shop_chei,
          st_stairs_10, grunt_potential, uniq_crazy_yiuf_cottage
D:8:      layout_cave_pods, enter_bailey_1
D:9:      layout_small_grid, lemuel_tele_altar, lair_entry_dummy,
          nrook_mini_backslash
D:10:     layout_irregular_city, orc_0_dummy
D:11:     layout_rooms, enter_trove_2, wad_woods_river_04
D:12:     gammafunk_worm_tunnel, layout_loops_ring, gauntlet_entry_generic
Temple:   mainiacjoe_temple_archimedes_tessellation
Lair:1:   layout_big_grid, gammafunk_ghost_hydra_chop

Skill      XL: |  1  2  3  4  5  6  7  8  9 10 |
---------------+-------------------------------+-----
Fighting       | 1 2 3 4 5 10 8 9 | 10.8
Unarmed Combat | 2 3 |  3.0
Hexes          | 5 6 7 8 9 |  9.0
Stealth        | 5 |  5.0
Spellcasting   | 4 5 7 8 |  8.0
Conjurations   | 5 3 4 |  5.2
Ice Magic      | 2 5 6 |  6.3
Dodging        | |  2.6

Action                   |  1- 3 |  4- 6 |  7- 9 | 10-12 || total
-------------------------+-------+-------+-------+-------++-------
Melee: Unarmed           |    82 |   323 |   405 |   120 ||   930
       Punch             |     2 |     8 |    16 |     6 ||    32
       Bite              |     2 |    41 |    63 |    31 ||   137
 Cast: Confusing Touch   |     7 |    42 |    59 |    20 ||   128
       Ensorcelled Hiber |     4 |    54 |   134 |    41 ||   233
       Tukima's Dance    |       |       |    22 |    19 ||    41
       Dazzling Flash    |       |       |    12 |     1 ||    13
Evoke: Wand              |       |       |     2 |     6 ||     8
       Tin of tremorston |       |       |     1 |     1 ||     2
  Use: Potion            |       |     1 |     5 |     4 ||    10
       Scroll            |       |       |    20 |     5 ||    25
 Stab: Sleeping          |    20 |    47 |    67 |    19 ||   153
       Confused          |     1 |    22 |    46 |    13 ||    82
       Invisible         |       |       |     2 |       ||     2
Armor: Skin              |     2 |    35 |    40 |     6 ||    83
Dodge: Dodged            |    40 |   226 |   307 |    85 ||   658
Block: Other             |       |       |    87 |    32 ||   119
       Reflection        |       |       |     6 |       ||     6

Table legend: (Time is in decaauts)
 A = Elapsed time spent in this place.
 B = Non-inter-level travel time spent in this place.
 C = Inter-level travel time spent in this place.
 D = Time resting spent in this place.
 E = Time spent auto-exploring this place.
 F = Levels seen in this place.
 G = Mean time per level.
                   A        B        C        D        E       F      G
               +--------+--------+--------+--------+--------+-----+--------+
         Total |  24071 |  23222 |    849 |  11360 |   7369 |  16 | 1504.4 |
       Dungeon |  20401 |  19561 |    840 |   9243 |   6967 |  12 | 1700.1 |
        Temple |    206 |    197 |      9 |      0 |    169 |   1 |  206.0 |
          Lair |    327 |    327 |      0 |    280 |      0 |   1 |  327.0 |
       Ossuary |   2225 |   2225 |      0 |   1346 |    111 |   1 | 2225.0 |
        Bailey |    911 |    911 |      0 |    491 |    121 |   1 |  911.0 |
               +--------+--------+--------+--------+--------+-----+--------+

Top non-repeatable levels by time:
     D:5: 3475 daAuts
     D:8: 3393 daAuts
     D:9: 2510 daAuts
     D:4: 2226 daAuts
 Ossuary: 2225 daAuts
     D:7: 2206 daAuts
     D:6: 1890 daAuts
     D:2: 1731 daAuts
     D:1: 1157 daAuts
  Bailey: 911 daAuts
     D:3: 671 daAuts
    D:12: 597 daAuts
    D:10: 530 daAuts
  Lair:1: 327 daAuts
  Temple: 206 daAuts
